 Dungeon Crawl Stone Soup version 0.29.1-15-g9cfb28693d (webtiles) character file.

Game seed: 15598008380141454238

93 kingsuperguy the Chopper (level 4, -1/38 HPs)
             Began as a Minotaur Gladiator on Mar 11, 2023.
             Was a Believer of Qazlal.
             Blown up by Ijyb (16 damage)
             ... with a mindburst bolt
             ... on level 3 of the Dungeon on Aug 26, 2023.
             The game lasted 00:04:17 (2243 turns).

kingsuperguy the Chopper (Minotaur Gladiator)       Turns: 2243, Time: 00:04:18

Health: -1/38      AC:  9    Str: 20    XL:     4   Next: 36%
Magic:  3/3        EV:  8    Int:  5    God:    Qazlal [**....]
Gold:   101        SH:  2    Dex: 12    Spells: 3/3 levels left

rFire   . . .      SeeInvis .   a - +0 war axe
rCold   . . .      Faith    .   (no shield)
rNeg    . . .      Spirit   .   r - +0 chain mail
rPois   .          Reflect  .   c - +0 hat
rElec   .          Harm     .   (no cloak)
rCorr   .          Rampage  .   (no gloves)
Will    .....                   t - +0 pair of boots
Stlth   ..........              (no amulet)
HPRegen 0.12/turn               (no ring)
MPRegen 0.08/turn               (no ring)

@: no status effects
A: horns 2, retaliatory headbutt
a: Renounce Religion, Upheaval


You were on level 3 of the Dungeon.
You worshipped Qazlal.
Qazlal was pleased with you.
You visited 1 branch of the dungeon, and saw 3 of its levels.

You collected 101 gold pieces.

Inventory:

Hand Weapons
 a - a +0 war axe (weapon)
 n - a +0 vorpal falchion
Missiles
 d - 2 throwing nets (quivered)
 e - a javelin
Armour
 b - a +0 leather armour
 c - a +0 hat (worn)
 r - a +0 chain mail (worn)
 t - a +0 pair of boots (worn)
Jewellery
 y - a ring of poison resistance
Wands
 m - a wand of flame (5)
 B - a wand of paralysis (11)
Scrolls
 f - a scroll of brand weapon {unknown}
 h - 2 scrolls of enchant weapon {unknown}
 i - a scroll of enchant armour {unknown}
 l - a scroll of blinking {unknown}
 p - a scroll of vulnerability {unknown}
 q - 4 scrolls of identify {unknown}
 z - a scroll of immolation {unknown}
 A - a scroll of teleportation {unknown}
Potions
 g - a potion of ambrosia {unknown}
 j - a potion of haste {unknown}
 k - a potion of lignification {unknown}
 o - a potion of resistance {unknown}
 s - a potion of attraction {unknown}
 u - 2 potions of cancellation {unknown}
 v - a potion of flight {unknown}
 w - 2 potions of curing {unknown}
 x - a potion of heal wounds {unknown}


   Skills:
 + Level 3.2 Fighting
 + Level 4.8 Axes
 + Level 2.0 Throwing
 + Level 1.3 Armour
 + Level 4.1 Dodging
 + Level 0.1 Stealth


You had 3 spell levels left.
You didn't know any spells.
Your spell library contained the following spells:

 Spells                   Type           Power      Damage    Failure   Level
 Ensorcelled Hibernation  Hex/Ice        0%         N/A       100%        2
 Passwall                 Tmut/Erth      0%         N/A       100%        2
 Swiftness                Air            0%         N/A       100%        3


Dungeon Overview and Level Annotations

Branches:
Dungeon (3/15)

Altars:
Elyvilon
Qazlal

Annotations:
D:3 Ijyb


Innate Abilities, Weirdness & Mutations

You have a pair of horns on your head.
You reflexively headbutt those who attack you in melee.


Message History

The endoplasm barely misses you. The endoplasm closely misses you.
You slash the endoplasm!
You kill the endoplasm!
Qazlal accepts your kill.
No target in view!
No target in view! 2 goblins come into view.
The goblin shouts! x2; You hear a shout! x2
A goblin comes into view. It is wielding a +0 club. x2
There are monsters nearby!
There are monsters nearby! 2 goblins come into view.
A goblin is wielding a +0 dagger of electrocution.
Found 17 gold pieces.
The goblin shouts! x2
Ijyb the Twisted Goblin comes into view.
She is wielding a +0 club and carrying a wand of mindburst (14).
Ijyb shouts!
The goblin attacks as you move away! The goblin hits you with a +0 dagger.
You miss the goblin. Your headbutt misses the goblin.
The goblin barely misses you.
You barely miss the goblin. The goblin closely misses you.
You hit the goblin.
You kill the goblin!
Qazlal accepts your kill. The goblin hits you but does no damage.
You hit the goblin.
The goblin is moderately wounded.
You closely miss Ijyb. Your headbutt misses Ijyb. You closely miss Ijyb.
Ijyb screams, "I dance on your bones!" Ijyb hits you but does no damage. x2
You hit Ijyb but do no damage.
Ijyb zaps a wand.
Your mind is blasted!
You closely miss Ijyb. Ijyb hits you with a +0 club.
You hit Ijyb but do no damage. You headbutt Ijyb!
Ijyb is moderately wounded.
Ijyb hits you but does no damage.
You slash Ijyb!
Ijyb is almost dead.
Ijyb zaps a wand.
Your mind is blasted!
Ijyb zaps a wand.
Your mind is blasted!
You die...

#.#####.#...####.......#
#.# #.#......#8.....8# #.#
#.##..####.......# #.#
#.##..# #8g....8#
#.#####.##..# #.......#
##.#.....##..# #.gg....#
##....######..# ##.##.####
......# #..#####g##.....
##...## #....@ggg.......
##.########.######.#######
#..........# #.#
############ #.. ####


You could see Ijyb and 3 goblins.

Vanquished Creatures
  Terence (D:2)
  An adder (D:2)
  2 worms (D:2)
  3 dart slugs
  3 ball pythons
  8 endoplasms
  2 giant cockroaches (D:1)
  5 goblins
  5 hobgoblins
  4 kobolds
  3 quokkas
  6 rats
43 creatures vanquished.

Notes
Turn   | Place    | Note
-------+----------+-------------------------------------------
     0 | D:1      | kingsuperguy the Minotaur Gladiator began the quest for the
                  | Orb.
     0 | D:1      | Reached XP level 1. HP: 18/18 MP: 0/0
   228 | D:1      | Reached XP level 2. HP: 16/25 MP: 1/1
   434 | D:1      | Found a faded altar of an unknown god.
   472 | D:1      | Prayed at the altar of an unknown god.
   472 | D:1      | Became a worshipper of Qazlal Stormbringer
   472 | D:1      | Reached * piety under Qazlal
  1036 | D:2      | Reached XP level 3. HP: 30/30 MP: 2/2
  1048 | D:2      | Noticed Terence
  1054 | D:2      | Killed Terence
  1055 | D:2      | Reached skill level 1 in Armour
  1413 | D:2      | Reached XP level 4. HP: 38/38 MP: 3/3
  1573 | D:2      | Found a white marble altar of Elyvilon.
  2146 | D:3      | Reached ** piety under Qazlal
  2226 | D:3      | Noticed Ijyb
  2243 | D:3      | Blown up by Ijyb

Illustrated notes

Levels and vault maps discovered:
D:1:      denvon_arrival_hothouse, layout_basic,
          hellmonk_ecumenical_altar_arch_garden, hangedman_decor_growths
D:2:      layout_basic, basic_altar, uniq_terence
D:3:      kennysheep_the_goblin_king, layout_loops_ring

Skill      XL: |  1  2  3 |
---------------+----------+-----
Axes           | 4 |  4.8
Fighting       | 3 |  3.2
Armour         | 1 |  1.3
Dodging        | 4 |  4.1
Throwing       | |  2.0
Stealth        | |  0.1

Action                   |  1- 3 |  4- 6 || total
-------------------------+-------+-------++-------
Melee: War axe           |    47 |    35 ||    82
       Headbutt          |     7 |     6 ||    13
       Punch             |     1 |       ||     1
Throw: Throwing net      |     1 |       ||     1
Armor: Leather armour    |    11 |       ||    11
       Chain mail        |     6 |    10 ||    16
Dodge: Dodged            |    27 |    11 ||    38
